 Dungeon Crawl Stone Soup version 0.29.1-12-g30fa7ad0bf (webtiles) character file.

Game seed: 12146615844260747046

13847 DemonSlayer the Thaumaturge (level 11, 0/78 HPs)
             Began as a Demonspawn Earth Elementalist on Dec 31, 2022.
             Was a Believer of Cheibriados.
             Slain by a polar bear (12 damage)
             ... in an ice cave.
             The game lasted 00:39:58 (13795 turns).

DemonSlayer the Thaumaturge (DsEE)                 Turns: 13795, Time: 00:39:59

Health: 0/78       AC: 17    Str: 20    XL:     11   Next: 81%
Magic:  11/24      EV: 14    Int: 28    God:    Cheibriados [**....]
Gold:   691        SH:  9    Dex: 19    Spells: 3/29 levels left

rFire   + . .      SeeInvis .   z - +6 flail of Beogh's Anger {flame, rPois rF+ rN+}
rCold   . . .      Faith    .   (no shield)
rNeg    + + .      Spirit   .   G - +1 troll leather armour
rPois   +          Reflect  +   v - +2 hat
rElec   .          Harm     .   e - scarf {shadows}
rCorr   .          Rampage  .   c - +1 pair of gloves {hurl}
Will    .....                   (no boots)
Stlth   +++.......              w - amulet of reflection
HPRegen 1.03/turn               y - +6 ring of strength
MPRegen 0.19/turn               A - ring of positive energy

@: very slow
A: hooves 1, thin metallic scales 2, demonic guardian 1, icemail 1, condensation
shield
a: Renounce Religion, Bend Time


You were in an ice cave.
You worshipped Cheibriados.
Cheibriados was pleased with you.
You visited 3 branches of the dungeon, and saw 12 of its levels.
You also visited: Sewer and Ice Cave.

You collected 691 gold pieces.

Inventory:

Hand Weapons
 q - the +6 hand axe "Gior" {elec, rElec Dex+2}
   (You found it on level 3 of the Dungeon)

   It occasionally discharges a powerful burst of electricity upon striking a
   foe.
   Dex:       It affects your dexterity (+2).
   rElec:     It insulates you from electricity.
 s - a +2 dagger of draining
 z - the +6 flail of Beogh's Anger (weapon) {flame, rPois rF+ rN+}
   (You found it on level 5 of the Dungeon)

   It burns those it strikes, dealing additional fire damage.
   rF:        It protects you from fire.
   rPois:     It protects you from poison.
   rN:        It protects you from negative energy.
Missiles
 h - 5 javelins
 l - 23 poisoned darts
 I - a throwing net
Armour
 c - a +1 pair of gloves of hurling (worn)
 e - a scarf of shadows (worn)
 j - a +3 leather armour of poison resistance
 v - a +2 hat (worn)
 G - a +1 troll leather armour (worn)
Jewellery
 t - a ring of flight
 w - an amulet of reflection (around neck)
 y - a +6 ring of strength (left hand)
 A - a ring of positive energy (right hand)
Wands
 a - a wand of paralysis (23)
 p - a wand of quicksilver (4)
 D - a wand of flame (4)
Scrolls
 g - 2 scrolls of teleportation
 i - 2 scrolls of magic mapping
 k - a scroll of fear
 u - a scroll of immolation
Potions
 d - 2 potions of mutation {unknown}
 f - 7 potions of curing
 m - a potion of flight {unknown}
 n - a potion of lignification
 o - 4 potions of brilliance
 r - 2 potions of ambrosia {unknown}
 B - a potion of might {unknown}
 C - 3 potions of haste {unknown}
 E - a potion of invisibility {unknown}
 F - a potion of resistance {unknown}


   Skills:
 + Level 4.3 Fighting
 + Level 0.9(3.5) Axes
 + Level 5.5 Maces & Flails
 + Level 0.2 Throwing
 + Level 4.5 Armour
 + Level 4.5 Dodging
 + Level 3.9 Stealth
 + Level 3.6 Shields
 + Level 9.8 Spellcasting
 + Level 4.0 Conjurations
 + Level 1.3 Hexes
 + Level 1.3 Translocations
 + Level 1.1 Transmutations
 + Level 9.4 Earth Magic
 + Level 1.5 Evocations


You had 3 spell levels left.
You knew the following spells:

 Your Spells              Type           Power      Damage    Failure   Level
a - Iskenderun's Battles  Conj           36%        2d9       24%         5
b - Passwall              Tmut/Erth      35%        N/A       1%          2
c - Stone Arrow           Conj/Erth      100%       3d13      1%          3
d - Blink                 Tloc           42%        N/A       4%          2
e - Petrify               Tmut/Erth      43%        N/A       5%          4
f - Statue Form           Tmut/Erth      28%        N/A       63%         6
g - Leda's Liquefaction   Hex/Erth       21%        N/A       5%          4

Your spell library contained the following spells:

 Spells                   Type           Power      Damage    Failure   Level
 Sandblast                Erth           100%       2d20      1%          1
 Lesser Beckoning         Tloc           21%        N/A       8%          3
 Lee's Rapid Deconstruct  Erth           30%        3d17*     2%          5
 Fireball                 Conj/Fire      12%        3d7       50%         5
 Manifold Assault         Tloc           21%        N/A       58%         5
 Conjure Ball Lightning   Conj/Air       12%        3x3d6     97%         6
 Orb of Destruction       Conj           18%        9d8       100%        7


Dungeon Overview and Level Annotations

Branches:
Dungeon (10/15)            Temple (1/1) D:5            Lair (1/5) D:10
  Sewer (visited)           IceCv (1/1)
    Orc: D:9-12

Altars:
Ashenzari
Cheibriados
Dithmenos
Fedhas
Gozag
Hepliaklqana
Kikubaaqudgha
Makhleb
Nemelex Xobeh
Okawaru
Qazlal
Ru
Sif Muna
Trog
Uskayaw
Vehumet
Wu Jian
Xom
Yredelemnul

Shops:
D:2 *   D:9 (

Annotations:
D:2 1 runed translucent door, Crazy Yiuf
D:10 1 runed translucent door, kingsuperguy's ghost, novice MiFi


Innate Abilities, Weirdness & Mutations

You have large cloven feet.
You are mostly covered in thin metallic scales. (AC +3)
A weak demonic guardian rushes to your aid.
A meltable icy envelope protects you from harm. (AC +4)
A meltable shield of frost defends you. (SH +4)


Message History

Your iron imp hits the death yak but does no damage.
You hit the death yak but do no damage.
You kick the death yak, but do no damage.
The death yak is almost dead.
The polar bear barely misses you. You block the polar bear's attack.
The polar bear claws you but does no damage.
The death yak gores you!
* * * LOW HITPOINT WARNING * * *
You hit the death yak. You burn the death yak.
The death yak is almost dead.
The polar bear closely misses you.
The polar bear claws you but does no damage. x2
Your iron imp barely misses the death yak.
The death yak barely misses you. You block the polar bear's attack.
The polar bear claws you but does no damage.
You block the polar bear's attack.
You sock the death yak! You burn the death yak.
You kill the death yak!
Cheibriados appreciates the change of pace.
The polar bear barely misses you.
The polar bear claws you but does no damage.
You block the polar bear's attack.
The rime drake closely misses your iron imp.
The polar bear barely misses you. The polar bear claws you.
* * * LOW HITPOINT WARNING * * *
You block the polar bear's attack.
Your Conjurations skill increases to level 4!
You hit the polar bear. You burn the polar bear. You kick the polar bear.
The polar bear is almost dead.
The rime drake completely misses your iron imp.
The polar bear bites you!
* * * LOW HITPOINT WARNING * * *
The polar bear closely misses you. The polar bear barely misses you.
Your iron imp closely misses the rime drake.
You feel better. You block the polar bear's attack.
The polar bear closely misses you.
The polar bear claws you but does no damage.
The rime drake bites your iron imp but does no damage.
Your iron imp hits the rime drake!
The polar bear bites you!
You die...

#...∩...#
##..÷..##
##.°.##
##...#
#°..##
#...##
##...##
##...#
##@.#
#h5##
#.k##
#.°# ....
...°.
.......
...#..h.


You could see a polar bear (berserk, very poisoned), a rime drake (distracted,
ally target) and a friendly iron imp (summoned).

Vanquished Creatures
  Erica (D:8)
  A hydra (D:9)
  A death yak (IceCv)
  Nergalle (D:10)
  Pikel (D:8)
  A cyclops (D:10)
  Joseph (D:8)
  A torpor snail (Lair:1)
  A rime drake (IceCv)
  A kobold demonologist (D:10)
  A komodo dragon (D:10)
  A troll (D:9)
  2 polar bears (IceCv)
  4 slime creatures (D:10)
  A wraith (D:10)
  8 yaks
  2 wyverns
  A basilisk (Lair:1)
  2 wargs (D:10)
  Menkaure (D:4)
  4 water moccasins
  Duvessa (D:4)
  2 black bears
  A sky beast (D:8)
  3 ogres
  4 orc warriors
  An ice beast (D:6)
  2 wolves (IceCv)
  A centaur (D:8)
  4 kobold brigands
  A scorpion (D:7)
  5 bullfrogs
  A necrophage (D:4)
  2 gnoll sergeants (D:9)
  Dowan (D:4)
  9 wights
  3 killer bees (D:9)
  2 electric eels (Lair:1)
  3 howler monkeys
  2 centaur zombies (D:9)
  3 hounds
  2 jellies
  3 orc priests
  2 iguanas
  7 orc wizards
  Robin (D:3)
  11 adders
  8 gnolls (D:9)
  3 river rats (Sewer)
  An ufetubus (D:5)
  2 worms
  2 dart slugs
  22 orcs
  2 endoplasms
  3 giant cockroaches
  8 goblins
  A hobgoblin (D:1)
  10 jackals
  3 quokkas
  2 training dummies (D:4)
  9 ball pythons
  2 bats
  4 frilled lizards
  10 kobolds
  4 rats
210 creatures vanquished.

Vanquished Creatures (collateral kills)
  A hydra (Lair:1)
  A death yak (Lair:1)
  2 yaks (Lair:1)
  A black bear (Lair:1)
  A bullfrog (Lair:1)
  A dart slug (D:3)
  3 orcs
  A ball python (D:2)
  7 goblins (D:3)
  A hobgoblin (D:3)
  A frilled lizard (D:3)
  2 rats
22 creatures vanquished.

Vanquished Creatures (others)
  An orc priest (D:5)
  An orc wizard (D:5)
  A jackal (D:4)
  A ball python (Sewer)
  A fungus (Lair:1)
  8 plants
13 creatures vanquished.

Grand Total: 245 creatures vanquished

Notes
Turn   | Place    | Note
-------+----------+-------------------------------------------
     0 | D:1      | DemonSlayer the Demonspawn Earth Elementalist began the
                  | quest for the Orb.
     0 | D:1      | Reached XP level 1. HP: 13/13 MP: 3/3
   503 | D:1      | Gained mutation: A meltable shield of frost defends you.
                  | (SH +4) [demonic ancestry]
   503 | D:1      | Reached XP level 2. HP: 16/19 MP: 0/5
   569 | D:1      | Learned a level 2 spell: Passwall
  1182 | D:2      | Found a runed translucent door.
  1183 | D:2      | Noticed Crazy Yiuf
  1228 | D:2      | Gained mutation: You are partially covered in thin metallic
                  | scales. (AC +2) [demonic ancestry]
  1228 | D:2      | Reached XP level 3. HP: 25/25 MP: 3/6
  1254 | D:2      | Found Ughunini's General Store.
  1288 | D:2      | Found a faded altar of an unknown god.
  1592 | D:3      | Identified the +6 hand axe "Gior" {elec, rElec Dex+2}
  2099 | D:3      | Noticed Robin
  2103 | D:3      | Reached XP level 4. HP: 26/31 MP: 2/8
  2172 | D:3      | Found a bloodstained altar of Trog.
  2199 | D:3      | Killed Robin
  2614 | D:4      | Noticed a necrophage
  2619 | D:4      | Killed a necrophage
  2620 | D:4      | Gained mutation: You have large cloven feet. [demonic
                  | ancestry]
  2620 | D:4      | Reached XP level 5. HP: 36/36 MP: 4/9
  2694 | D:4      | Found a glowing drain.
  2698 | Sewer    | Entered a sewer
  2964 | Sewer    | Reached XP level 6. HP: 34/42 MP: 6/11
  3225 | Sewer    | Reached skill level 1 in Shields
  3890 | D:4      | Reached skill level 5 in Earth Magic
  3890 | D:4      | Gained mutation: A weak demonic guardian rushes to your
                  | aid. [demonic ancestry]
  3890 | D:4      | Reached XP level 7. HP: 47/47 MP: 9/14
  4082 | D:4      | Noticed Menkaure
  4096 | D:4      | Killed Menkaure
  4547 | D:4      | Reached skill level 5 in Spellcasting
  4698 | D:4      | Noticed Duvessa
  4698 | D:4      | Noticed Dowan
  4723 | D:4      | Killed Duvessa
  4724 | D:4      | Reached skill level 1 in Fighting
  4724 | D:4      | Killed Dowan
  4874 | D:4      | Learned a level 3 spell: Stone Arrow
  4877 | D:4      | Learned a level 2 spell: Blink
  4882 | D:4      | Learned a level 4 spell: Petrify
  5217 | D:5      | Entered Level 5 of the Dungeon
  5342 | D:5      | Found a staircase to the Ecumenical Temple.
  5377 | D:5      | Identified the +6 flail of Beogh's Anger {flame, rPois rF+
                  | rN+}
  5407 | D:5      | Reached XP level 8. HP: 39/54 MP: 13/16
  5643 | D:5      | Reached skill level 1 in Armour
  5656 | D:5      | Reached skill level 1 in Maces & Flails
  6110 | D:6      | Found an opulent altar of Gozag.
  6349 | D:6      | Found a basalt altar of Yredelemnul.
  6667 | Temple   | Entered the Ecumenical Temple
  6740 | Temple   | Became a worshipper of Cheibriados the Contemplative
  6814 | D:7      | Was placed under penance by Cheibriados
  6819 | D:7      | Gained mutation: A meltable icy envelope protects you from
                  | harm. (AC +4) [demonic ancestry]
  6819 | D:7      | Reached XP level 9. HP: 51/61 MP: 16/18
  6874 | D:7      | Was forgiven by Cheibriados
  7242 | D:7      | Found an iron altar of Okawaru.
  7243 | D:7      | Found an ornate altar of the Wu Jian Council.
  7243 | D:7      | Found an ancient bone altar of Kikubaaqudgha.
  7391 | D:7      | Found a shadowy altar of Dithmenos.
  7435 | D:7      | Found a shimmering altar of Xom.
  7607 | D:7      | Learned a level 6 spell: Statue Form
  7612 | D:7      | Learned a level 4 spell: Leda's Liquefaction
  7643 | D:8      | Noticed Pikel
  7849 | D:8      | Killed Pikel
  7969 | D:8      | Noticed Erica
  8379 | D:8      | Killed Erica
  8380 | D:8      | Reached skill level 1 in Transmutations
  8386 | D:8      | Reached skill level 1 in Hexes
  8392 | D:8      | Reached XP level 10. HP: 55/68 MP: 4/21
  8449 | D:8      | Noticed Joseph
  8467 | D:8      | Killed Joseph
  8468 | D:8      | Reached skill level 1 in Conjurations
  8468 | D:8      | Reached skill level 1 in Evocations
  9335 | D:9      | Noticed an eight-headed hydra
  9342 | D:9      | Killed an eight-headed hydra
  9743 | D:9      | Found Vomiz's Weapon Emporium.
 10155 | D:9      | Identified a scroll of acquirement
 10155 | D:9      | Acquired a +1 pair of gloves of hurling
 10764 | D:9      | Reached * piety under Cheibriados
 10945 | D:9      | Reached skill level 1 in Translocations
 11411 | D:9      | Learned a level 5 spell: Iskenderun's Battlesphere
 11436 | D:10     | Entered Level 10 of the Dungeon
 11465 | D:10     | Noticed Nergalle
 11474 | D:10     | Killed Nergalle
 11763 | D:10     | Noticed a cyclops
 11766 | D:10     | Killed a cyclops
 11767 | D:10     | Gained mutation: You are mostly covered in thin metallic
                  | scales. (AC +3) [demonic ancestry]
 11767 | D:10     | Reached XP level 11. HP: 75/75 MP: 14/24
 12050 | D:10     | Found a runed translucent door.
 12051 | D:10     | Noticed kingsuperguy's ghost (novice MiFi)
 12051 | D:10     | Noticed a wolf spider
 12293 | D:10     | Found a staircase to the Lair.
 12316 | D:10     | Reached ** piety under Cheibriados
 13087 | Lair:1   | Entered Level 1 of the Lair of Beasts
 13140 | Lair:1   | Noticed a six-headed hydra
 13154 | Lair:1   | Killed a six-headed hydra
 13158 | Lair:1   | Identified the +0 chain mail "Fixtiqeni" {Contam +Inv
                  | Slay-2 SInv}
 13170 | Lair:1   | Noticed a death yak
 13176 | Lair:1   | Killed a death yak
 13341 | Lair:1   | Found a frozen archway.
 13349 | IceCv    | Entered an ice cave
 13367 | IceCv    | Reached skill level 5 in Maces & Flails
 13776 | IceCv    | Noticed a death yak
 13793 | IceCv    | Killed a death yak
 13795 | IceCv    | Slain by a polar bear

Illustrated notes

Levels and vault maps discovered:
D:1:      dpeg_arrival_signposts, layout_basic
D:2:      layout_rooms, dreamdust_ecumenical_altar_statues, serial_shops,
          nicolae_shop_hallway_stairs, minmay_misc_feat_enclosed,
          uniq_crazy_yiuf_cottage
D:3:      layout_basic, bloody_trog, serial_rivers,
          chequers_serial_rivers_small_b, chequers_serial_rivers_micro_a,
          chequers_serial_rivers_small_3, chequers_serial_rivers_small_b,
          chequers_serial_rivers_micro_c, chequers_serial_rivers_micro_a,
          uniq_robin
D:4:      dreamdust_elfheim, layout_rooms, serial_co_window_serial,
          co_window_corner_a, co_window_of_opportunity_a, co_window_corner_a,
          co_window_corner_a, co_window_corner_a, co_window_2corner,
          co_window_corner_b, co_window_cross_3, co_window_corner_ca,
          co_window_of_opportunity_b, gup_sewer_entry_bowl, uniq_duvessa,
          uniq_menkaure
D:5:      layout_rooms, temple_fountains, interstate_on_off
D:6:      layout_rooms, nicolae_overflow_crystal_walls, grunt_gozag_statues,
          kennysheep_minor_cross
D:7:      layout_cave_pools, nicolae_overflow_quartered_altars,
          mainiacjoe_overflow_swirl, serial_column_ruins, column_ruins_hut,
          column_ruins_open_small_water, column_ruins_columns_corner,
          column_ruins_columns_straight, column_ruins_grid_1,
          column_ruins_open_medium, st_stairs_4
D:8:      layout_loops_cross, uniq_erica, uniq_joseph, uniq_pikel
D:9:      layout_cave_pools, serial_undead, serial_undead_d, serial_undead_b,
          serial_undead_c, serial_undead_a, serial_shops,
          nicolae_shop_bloodbath_and_beyond
D:10:     layout_gridville, erik_lair_orcish_takeover,
          ebering_ghost_inner_flame, amcnicky_mini_pool_small, uniq_nergalle
Temple:   compressed_dpeg_triangle_lava_temple
Lair:1:   layout_cave_pods, portal_ice_cave_entry_pillars_1, minivault_26,
          chequers_serial_rivers_micro_a, infiniplex_staircase_pool_2,
          serial_bayou_shore_a
IceCv:    ice_cave_small_giant

Skill      XL: |  1  2  3  4  5  6  7  8  9 10 11 |
---------------+----------------------------------+-----
Earth Magic    | 3 4 5 6 8 9 |  9.4
Stealth        | 2 3 |  3.9
Spellcasting   | 3 4 5 6 7 9 |  9.8
Dodging        | 2 3 4 |  4.5
Shields        | 1 2 3 |  3.6
Fighting       | 1 2 3 4 |  4.3
Armour         | 2 3 4 |  4.5
Maces & Flails | 2 3 4 5 |  5.5
Transmutations | 1 |  1.1
Hexes          | 1 |  1.3
Conjurations   | 2 4 |  4.0
Evocations     | 1 |  1.5
Translocations | 1 |  1.3
Axes           | |  0.9
Throwing       | |  0.2

Action                   |  1- 3 |  4- 6 |  7- 9 | 10-12 || total
-------------------------+-------+-------+-------+-------++-------
Melee: Unarmed           |    46 |       |       |       ||    46
       Dagger            |     3 |       |       |       ||     3
       Mace              |     5 |       |       |       ||     5
       Hand axe          |     1 |    26 |     5 |       ||    32
       Kick              |       |     1 |     9 |    41 ||    51
       Flail             |       |       |    40 |   109 ||   149
       Punch             |       |       |       |     3 ||     3
Throw: Dart              |       |       |     1 |       ||     1
 Cast: Sandblast         |    32 |    59 |   108 |       ||   199
       Stone Arrow       |       |       |    16 |   137 ||   153
       Leda's Liquefacti |       |       |     2 |     1 ||     3
       Petrify           |       |       |     2 |       ||     2
       Blink             |       |       |     1 |     2 ||     3
Evoke: Wand              |       |       |     7 |     4 ||    11
  Use: Scroll            |       |     5 |     3 |    20 ||    28
       Potion            |       |     1 |     3 |     2 ||     6
 Stab: Sleeping          |       |     1 |     1 |       ||     2
Armor: Robe              |    14 |    21 |       |       ||    35
       Leather armour    |       |       |    35 |    16 ||    51
       Troll leather arm |       |       |       |    90 ||    90
Dodge: Dodged            |    47 |    28 |    45 |   128 ||   248
Block: Orb               |     2 |    19 |    14 |       ||    35
       Other             |       |       |       |   134 ||   134
       Reflection        |       |       |       |     2 ||     2
